 Dungeon Sprint DCSS version 0.28-a0-863-g8cecda6153 (webtiles) character file.

Game seed: 15846893981187051592

1354 Turgor the Carver (level 8, -15/88 HPs)
             Began as a Troll Berserker on Nov 16, 2021.
             Was a High Priest of Trog.
             Demolished by a tengu warrior (20 damage)
             ... in the Dungeon (Sprint IX: "|||||||||||||||||||||||||||||").
             The game lasted 00:04:11 (189 turns).

Turgor the Carver (Troll Berserker)                  Turns: 189, Time: 00:04:13

Health: -15/88     AC:  5    Str: 29    XL:     8   Next: 37%
Magic:  7/7        EV: 14    Int:  4    God:    Trog [*****.]
Gold:   0          SH:  0    Dex: 10    Spells: 7/7 levels left

rFire   . . .      SeeInvis .   k - +2 scimitar (holy)
rCold   . . .      Faith    .   (no shield)
rNeg    . . .      Spirit   .   b - +0 animal skin
rPois   .          Reflect  .   (helmet restricted)
rElec   .          Harm     .   a - +0 cloak
rCorr   .          Rampage  .   (gloves unavailable)
Will    ++...      NoTele   +   (boots unavailable)
Stlth   +.........              (no amulet)
HPRegen 2.24/turn               l - +2 ring of evasion
MPRegen 0.10/turn               m - +3 ring of strength

@: strong-willed (expiring), on berserk cooldown, regenerating (expiring),
slowed, very slow
A: large, unfitting armour, claws 3, regeneration 1, shaggy fur 1, tough skin 1
a: Renounce Religion, Berserk, Trog's Hand, Brothers in Arms


You were in the Dungeon.
You worshipped Trog.
Trog was extremely pleased with you.
You visited 1 branch

Inventory:

Hand Weapons
 k - a +2 scimitar of holy wrath (weapon)
Missiles
 n - 7 poisoned darts (quivered)
Armour
 a - a +0 cloak (worn)
 b - a +0 animal skin (worn)
Jewellery
 l - a +2 ring of evasion (left claw)
 m - a +3 ring of strength (right claw)
Wands
 j - a wand of iceblast (10)
Scrolls
 h - 2 scrolls of blinking
Potions
 c - 5 potions of curing
 d - 3 potions of heal wounds
 e - a potion of haste
 f - 4 potions of magic
 g - a potion of berserk rage
 i - a potion of invisibility


   Skills:
 + Level 8.3 Fighting
 * Level 11.4 Long Blades
 + Level 8.3 Dodging


You had 7 spell levels left.
You didn't know any spells.
Your spell library was empty.

Dungeon Overview and Level Annotations

Branches:
Dungeon (1/1)

Altars:
Cheibriados
Dithmenos
Elyvilon
Fedhas
Gozag
Hepliaklqana
Kikubaaqudgha
Makhleb
Nemelex Xobeh
Okawaru
Qazlal
Ru
Sif Muna
Trog
Uskayaw
Vehumet
Wu Jian
Xom
Yredelemnul
Zin
The Shining One
Beogh
Jiyva
Lugonu


Innate Abilities, Weirdness & Mutations

You are too large for most types of armour.
You have claws for hands.
Your natural rate of healing is unusually fast.
You are covered in fur. (AC +1)
You have tough skin. (AC +1)


Message History

* * * LOW HITPOINT WARNING * * *
Unknown command.
You slash the tengu warrior!
The tengu warrior is moderately wounded.
Unknown command.
You miss the tengu warrior.
The tengu warrior is moderately wounded.
The tengu warrior barely misses you. The tengu warrior closely misses you.
The tengu warrior claws you.
* * * LOW HITPOINT WARNING * * *
You feel the effects of Trog's Hand fading.
You miss the tengu warrior.
The tengu warrior is moderately wounded.
You miss the tengu warrior.
The tengu warrior is moderately wounded.
The tengu warrior barely misses you. The tengu warrior pecks you.
* * * LOW HITPOINT WARNING * * *
The tengu warrior claws you.
* * * LOW HITPOINT WARNING * * *
Unknown command.
You slice the tengu warrior!!
The tengu warrior is severely wounded.
The tengu warrior hits you with a +2 dire flail!
* * * LOW HITPOINT WARNING * * *
The tengu warrior pecks you but does no damage.
The tengu warrior barely misses you.
Unknown command.
You hit the tengu warrior.
The tengu warrior is severely wounded.
You are no longer berserk.
You are exhausted.
You feel yourself slow down.
Your two-headed ogre goes berserk!
The tengu warrior hits you with a +2 dire flail!
* * * LOW HITPOINT WARNING * * *
The tengu warrior pecks you.
* * * LOW HITPOINT WARNING * * *
The tengu warrior claws you but does no damage.
The tengu warrior hits you with a +2 dire flail!!
You die...

▓+▓
▓.▓
▓.▓
▓.▓
▓*▓
▓C▓
▓Q▓
▓Q▓
▓@▓
▓O▓
▓.▓
▓.▓
▓)▓
▓)▓
▓'▓
▓.▓
▓.▓


You could see a tengu warrior (ally target), a cyclops, a tengu conjurer, a
battlesphere and a friendly two-headed ogre (summoned, berserk).

Vanquished Creatures
  An unseen horror (D)
  A kobold demonologist (D)
  A tengu conjurer (D)
  A troll (D)
  An ogre (D)
  2 kobold brigands (D)
  A scorpion (D)
  A wight (D)
  A hound (D)
  An iguana (D)
  An orc wizard (D)
  A bat (D)
  An endoplasm (D)
  A hobgoblin (D)
  2 ball python zombies (D)
  2 rats (D)
19 creatures vanquished.

Notes
Turn   | Place    | Note
-------+----------+-------------------------------------------
     0 | D        | Turgor the Troll Berserker began the quest for the Orb.
     0 | D        | Reached XP level 1. HP: 22/22 MP: 0/0
    10 | D        | Reached ** piety under Trog
    17 | D        | Reached skill level 3 in Long Blades
    29 | D        | Noticed a hound
    29 | D        | Noticed a scorpion
    29 | D        | Noticed an ogre
    29 | D        | Noticed an iguana
    33 | D        | Killed an iguana
    34 | D        | Reached skill level 4 in Long Blades
    34 | D        | Reached XP level 2. HP: 31/31 MP: 1/1
    34 | D        | Reached XP level 3. HP: 37/37 MP: 2/2
    35 | D        | Reached *** piety under Trog
    37 | D        | Killed an ogre
    38 | D        | Reached skill level 6 in Long Blades
    38 | D        | Reached XP level 4. HP: 49/49 MP: 3/3
    43 | D        | Killed a scorpion
    44 | D        | Reached skill level 5 in Fighting
    44 | D        | Reached skill level 5 in Dodging
    44 | D        | Reached XP level 5. HP: 34/57 MP: 4/4
    47 | D        | Reached skill level 7 in Long Blades
    53 | D        | Found a snail-covered altar of Cheibriados.
    53 | D        | Found a shadowy altar of Dithmenos.
    53 | D        | Found a white marble altar of Elyvilon.
    53 | D        | Found a blossoming altar of Fedhas.
    53 | D        | Found an opulent altar of Gozag.
    54 | D        | Found a hazy altar of Hepliaklqana.
    55 | D        | Found a viscous altar of Jiyva.
    56 | D        | Found an ancient bone altar of Kikubaaqudgha.
    57 | D        | Found a corrupted altar of Lugonu.
    58 | D        | Found a burning altar of Makhleb.
    59 | D        | Found a sparkling altar of Nemelex Xobeh.
    60 | D        | Found an iron altar of Okawaru.
    61 | D        | Found a stormy altar of Qazlal.
    62 | D        | Found a sacrificial altar of Ru.
    63 | D        | Found a shimmering blue altar of Sif Muna.
    64 | D        | Found a bloodstained altar of Trog.
    65 | D        | Found a hide-covered altar of Uskayaw.
    66 | D        | Found a radiant altar of Vehumet.
    67 | D        | Found an ornate altar of the Wu Jian Council.
    68 | D        | Found a shimmering altar of Xom.
    69 | D        | Found a basalt altar of Yredelemnul.
    70 | D        | Found a glowing silver altar of Zin.
    71 | D        | Found a glowing golden altar of the Shining One.
   110 | D        | Noticed a kobold demonologist
   124 | D        | Killed a kobold demonologist
   124 | D        | Reached **** piety under Trog
   125 | D        | Reached skill level 9 in Long Blades
   125 | D        | Reached XP level 6. HP: 68/68 MP: 5/5
   137 | D        | Reached XP level 7. HP: 67/76 MP: 6/6
   153 | D        | Reached ***** piety under Trog
   160 | D        | Noticed a cyclops
   160 | D        | Noticed a tengu warrior
   160 | D        | Noticed a tengu conjurer
   160 | D        | Noticed a tengu conjurer
   160 | D        | Noticed a troll
   173 | D        | Killed a troll
   174 | D        | Reached skill level 10 in Long Blades
   176 | D        | Killed a tengu conjurer
   177 | D        | Reached skill level 11 in Long Blades
   177 | D        | Reached XP level 8. HP: 39/88 MP: 7/7
   179 | D        | Killed an unseen horror
   179 | D        | Received a gift from Trog
   189 | D        | Demolished by a tengu warrior

Illustrated notes

Levels and vault maps discovered:
D:        linesprint [early_d, line_temple, items_1, d_10, items_2, lair_1,
          lair_end, items_3, orc_1, orc_end, items_4, d_15, swamp_1, shoals_1,
          snake_1, spider_1, d_20, vaults_1, items_5, swamp_end, shoals_end,
          snake_end, spider_end, vaults_end, d_27, items_6, zot_1, zot_end,
          crypt_end, forest_end, elf_end, slime_end, tomb_end, abyss_end,
          pan_hell_end]

Skill      XL: |  1  2  3  4  5  6  7  8 |
---------------+-------------------------+-----
Long Blades    | 4 6 9 11 | 11.4
Fighting       | 3 4 5 6 7 8 |  8.3
Dodging        | 3 4 5 6 7 8 |  8.3

Action                   |  1- 3 |  4- 6 |  7- 9 || total
-------------------------+-------+-------+-------++-------
Melee: Falchion          |    24 |     9 |       ||    33
       Scimitar          |       |    23 |    41 ||    64
Invok: Berserk           |     1 |     1 |     1 ||     3
       Trog's Hand       |       |       |     1 ||     1
       Brothers in Arms  |       |       |     1 ||     1
Armor: Animal skin       |     7 |     5 |     4 ||    16
Dodge: Dodged            |    12 |    19 |    22 ||    53

Table legend: (Time is in decaauts)
 A = Elapsed time spent in this place.
 B = Non-inter-level travel time spent in this place.
 C = Inter-level travel time spent in this place.
 D = Time resting spent in this place.
 E = Time spent auto-exploring this place.
 F = Levels seen in this place.
 G = Mean time per level.
                   A        B        C        D        E       F      G
               +--------+--------+--------+--------+--------+-----+--------+
         Total |    201 |    201 |      0 |      0 |      0 |   1 |  201.0 |
       Dungeon |    201 |    201 |      0 |      0 |      0 |   1 |  201.0 |
               +--------+--------+--------+--------+--------+-----+--------+

Top non-repeatable levels by time:
       D: 201 daAuts
